 Dungeon Crawl Stone Soup version 0.17-a0-1887-g3e50df6 (webtiles) character file.

9628 ololoev the Cleaver (level 11, 0/151 HPs)
             Began as a Minotaur Berserker on Sept 23, 2015.
             Was a High Priest of Trog.
             Slain by an orc warlord
             ... wielding a +0 long sword of protection
              (5 damage)
             ... in a bailey.
             The game lasted 00:30:58 (3222 turns).

ololoev the Cleaver (Minotaur Berserker)            Turns: 3222, Time: 00:30:58

Health: 0/151      AC: 12    Str: 30    XL:     11   Next: 25%
Magic:  0/13       EV: 12    Int:  8    God:    Trog [*****.]
Gold:   213        SH:  0    Dex: 10    Spells: 0 memorised, 10 levels left

rFire  . . .     SeeInvis .     n - +0 war axe of Bile {chop, Int+4} (curse)
rCold  + . .     Clarity  .     e - +2 scale mail {rC+}
rNeg   . . .     SustAt   .     (no shield)
rPois  +         Gourm    .     (helmet restricted)
rElec  .         Spirit   +     (no cloak)
rCorr  .         Warding  .     (no gloves)
rMut   .         Stasis   .     h - +0 pair of boots
MR     +....                    E - amulet of guardian spirit
Stlth  ..........               B - ring of poison resistance
                                a - ring of protection from magic

@: berserking (expiring), very quick, somewhat resistant to hostile
enchantments, extremely unstealthy
A: retaliatory headbutt, horns 2
a: Burn Spellbooks, Berserk, Trog's Hand, Brothers in Arms, Renounce Religion


Innate Abilities, Weirdness & Mutations

You reflexively headbutt those who attack you in melee.
You have a pair of horns on your head.

Inventory:

Hand weapons
 n - the cursed +0 war axe of Bile (weapon) {chop, Int+4}
   (You found it on level 5 of the Dungeon)

   It inflicts extra damage upon your enemies.
   It affects your intelligence (+4).
   It has a curse placed upon it.
Armour
 e - a +2 scale mail of cold resistance (worn)
 h - a +0 pair of boots (worn)
Jewellery
 a - a ring of protection from magic (left hand)
 p - the ring of Incredulity {+/*Tele rN+ MR+}
   (You found it on level 9 of the Dungeon)

   [ring of teleportation]

   It may teleport you to nearby monsters, and can be evoked to randomly
   teleport.
   It protects you from negative energy.
   It affects your resistance to hostile enchantments.
 y - an uncursed ring of flight
 B - a ring of poison resistance (right hand)
 E - an amulet of guardian spirit (around neck)
Magical devices
 v - a wand of fire (0)
 w - a wand of flame (18)
Scrolls
 d - 3 scrolls of magic mapping
 g - a scroll of fear {unknown}
 i - a scroll of enchant weapon
 j - 5 scrolls of remove curse
 t - 3 scrolls of blinking
 u - a scroll of teleportation
 x - 2 scrolls of immolation {unknown}
 C - 3 scrolls of vulnerability {unknown}
 G - a scroll of summoning
 J - a scroll of enchant armour {unknown}
Potions
 b - 2 potions of haste
 f - 3 potions of agility
 k - 3 potions of invisibility
 l - a potion of cancellation
 o - 2 potions of curing
 r - 3 potions of might
 s - a potion of beneficial mutation
 z - 3 potions of heal wounds
 A - a potion of magic
 D - a potion of resistance
 H - 2 potions of brilliance
Comestibles
 c - 3 bread rations
 m - 4 meat rations
 q - 4 fruits
 I - 2 chunks of flesh


   Skills:
 + Level 10.6 Fighting
 * Level 14.0 Axes
 + Level 10.1 Armour
 - Level 4.0 Dodging
 + Level 4.5 Evocations


You had 10 spell levels left.
You didn't know any spells.
You were in a bailey. You worshipped Trog. Trog was extremely pleased with you. You were very hungry. You visited 3 branches of the dungeon, and saw 14 of its levels. You also visited: Ossuary and Bailey. You collected 503 gold pieces. You spent 290 gold pieces at shops. ##.......## #.........# ##.........## #######.....⌠.....# ##.....##)........## #.......')........+ ##.......##.......## #.........#..)....# ##.........##88@88## #.....⌠.....###o### #.........###goo# #......)..#...oo.. ##.......##.......# #.......#.........# ##)))..##.........# ##)####........... ##.....##.........##

Notes
Turn   | Place    | Note
--------------------------------------------------------------
     0 | D:1      | ololoev the Minotaur Berserker began the quest for the Orb.
     0 | D:1      | Reached XP level 1. HP: 19/19 MP: 0/0
    62 | D:1      | Reached XP level 2. HP: 22/27 MP: 1/1
   125 | D:2      | Noticed Terence
   134 | D:2      | Killed Terence
   134 | D:2      | Reached skill level 4 in Fighting
   134 | D:2      | Reached XP level 3. HP: 22/33 MP: 2/2
   154 | D:2      | Noticed Sigmund
   321 | D:2      | Killed Sigmund
   321 | D:2      | Reached skill level 5 in Axes
   321 | D:2      | Reached XP level 4. HP: 39/41 MP: 3/3
   321 | D:2      | Reached XP level 5. HP: 44/47 MP: 4/4
   479 | D:3      | Acquired Trog's second power
   513 | D:4      | Found a shattered altar of Ashenzari.
   580 | D:4      | Reached XP level 6. HP: 30/55 MP: 5/5
   600 | D:4      | Found a blossoming altar of Fedhas.
   640 | D:4      | Reached skill level 6 in Axes
   642 | D:4      | Reached skill level 5 in Fighting
   668 | D:5      | Entered Level 5 of the Dungeon
   732 | D:5      | Found Poudducsi's Assorted Antiques.
   751 | D:5      | Bought a glowing scale mail for 120 gold pieces
   783 | D:5      | Reached XP level 7. HP: 57/61 MP: 6/6
  1132 | D:5      | Reached skill level 7 in Axes
  1262 | D:5      | Reached skill level 5 in Armour
  1287 | D:5      | Reached skill level 8 in Axes
  1309 | D:5      | Reached XP level 8. HP: 71/71 MP: 7/7
  1315 | D:5      | Got a slimy war axe
  1316 | D:5      | Identified the cursed +0 war axe of Bile {chop, Int+4} (You found it on level 5 of the Dungeon)
  1346 | D:5      | Found a staircase to the Ecumenical Temple.
  1355 | Temple   | Entered the Ecumenical Temple
  1512 | D:7      | Reached skill level 9 in Axes
  1531 | D:7      | Paralysed by a wasp for 1 turns
  1547 | D:7      | Found a sand-covered staircase.
  1607 | Ossuary  | Entered an ossuary
  1690 | Ossuary  | Reached skill level 10 in Axes
  1717 | Ossuary  | Reached XP level 9. HP: 40/81 MP: 8/8
  2063 | D:9      | Reached skill level 11 in Axes
  2080 | D:9      | Found Luamoam's Antique Weapon Boutique.
  2135 | D:9      | Got a faintly glowing golden ring
  2137 | D:9      | Identified the ring of Incredulity {+/*Tele rN+ MR+} (You found it on level 9 of the Dungeon)
  2186 | D:9      | Noticed Prince Ribbit
  2196 | D:9      | Killed Prince Ribbit
  2360 | D:10     | Entered Level 10 of the Dungeon
  2419 | D:10     | Found a staircase to the Orcish Mines.
  2419 | D:10     | Noticed Josephine
  2432 | D:10     | Reached skill level 1 in Evocations
  2453 | D:10     | Killed Josephine
  2453 | D:10     | Reached skill level 12 in Axes
  2453 | D:10     | Reached XP level 10. HP: 91/91 MP: 6/10
  2558 | D:10     | Reached skill level 13 in Axes
  2565 | D:10     | Noticed Grum
  2568 | D:10     | Noticed a centaur skeleton
  2611 | D:10     | Reached skill level 10 in Fighting
  2614 | D:10     | Killed a centaur skeleton
  2617 | D:10     | Noticed Fannar
  2618 | D:10     | Killed Grum
  2627 | D:10     | Killed Fannar
  2656 | Orc:1    | Entered Level 1 of the Orcish Mines
  2664 | Orc:1    | Acquired Trog's third power
  2677 | Orc:1    | Reached XP level 11. HP: 32/101 MP: 3/13
  2833 | Orc:2    | Found Begefif's Magic Scroll Shoppe.
  2859 | Orc:2    | Bought a scroll of magic mapping for 35 gold pieces
  2859 | Orc:2    | Bought a scroll of identify for 20 gold pieces
  2859 | Orc:2    | Bought a scroll of identify for 20 gold pieces
  2859 | Orc:2    | Bought a scroll of summoning for 95 gold pieces
  3030 | Orc:3    | Found a flagged portal.
  3045 | Bailey   | Entered a bailey
  3077 | Bailey   | Reached skill level 10 in Armour
  3192 | Bailey   | Noticed an orc warlord
  3218 | Bailey   | Reached skill level 14 in Axes
  3220 | Bailey   | HP: 4/151 [orc warlord/long sword of protection (17)]
  3222 | Bailey   | Slain by an orc warlord

Dungeon Overview and Level Annotations

Branches:
Dungeon (10/15)            Temple (1/1) D:5             Orc (3/4) D:10
   Lair: D:8-11         Elf: Orc:3-4

Altars:
Ashenzari
Cheibriados
Dithmenos
Elyvilon
Fedhas
Gozag
Kikubaaqudgha
Makhleb
Nemelex Xobeh
Okawaru
Qazlal
Ru
Sif Muna
Trog
Vehumet
Xom
Yredelemnul
Zin
The Shining One

Shops:
D:5 *   D:9 (   Orc:2 ?


Message History

The orc warrior hits you with a battleaxe!!!
You slash the orc warlord! Your headbutt misses the orc warlord.
The orc warlord is heavily wounded.
You closely miss the orc knight.
The orc knight is lightly wounded.
Your scale mail prevents you from hitting the orc warrior.
The orc warrior is moderately wounded.
Unknown command.
You closely miss the orc warlord.
The orc warlord is heavily wounded.
You hit the orc warrior.
The orc warrior is moderately wounded.
You closely miss the orc knight.
The orc knight is lightly wounded.
The orc warlord hits you but does no damage.
The orc knight hits you with a broad axe!!
Items here: )) [[ †† Unknown command.
You slash the orc warrior!
You kill the orc warrior!
Trog accepts your kill.
Your Axes skill increases to level 14!
The orc warlord roars a battlecry!
The orcs go into a battle-frenzy!
Unknown command.
You closely miss the orc warlord. You headbutt the orc warlord.
The orc warlord is heavily wounded.
Unknown command.
You hit the orc warlord but do no damage.
You headbutt the orc warlord!
The orc warlord is severely wounded.
The orc warlord hits you with a long sword of protection!!
Unknown command.
You barely miss the orc warlord.
The orc warlord is severely wounded.
Unknown command.
You slash the orc warlord!
The orc warlord is almost dead.
The orc warlord hits you with a long sword of protection.
You die...

You could see an orc warlord, an orc knight (frenzied), 3 orc warriors and a gnoll.

Vanquished Creatures
  Josephine (D:10)
  Fannar (D:10)
  An orc sorcerer (Orc:3)
  A centaur skeleton (D:10)
  Prince Ribbit (D:9)
  Sigmund (D:2)
  6 wraiths (D:10)
  Grum (D:10)
  A hippogriff (D:9)
  3 wolves (D:10)
  A hungry ghost (D:10)
  4 ice beasts
  17 orc warriors
  2 phantoms (D:7)
  2 wasps
  A necrophage (D:5)
  A sky beast (D:8)
  5 ogres
  5 centaurs
  A big kobold (D:7)
  A giant frog (D:7)
  A wyvern zombie (Ossuary)
  A scorpion (D:8)
  A troll zombie (D:10)
  3 crimson imps
  3 bog bodies (Ossuary)
  3 jellies
  3 centaur zombies
  2 giant frog zombies (Ossuary)
  3 hounds
  12 orc wizards
  5 orc priests
  4 worker ants
  A gnoll shaman (D:10)
  Terence (D:2)
  7 ogre zombies (D:10)
  3 killer bee zombies
  A hound zombie (Ossuary)
  A hound skeleton (D:9)
  10 mummies (Ossuary)
  2 worker ant zombies
  7 gnolls
  11 adders
  An ooze (D:3)
  2 adder skeletons
  A worm (D:3)
  4 giant geckos
  77 orcs
  4 giant cockroaches
  11 goblins
  13 hobgoblins
  4 jackals (D:1)
  6 kobolds
  3 quokkas
  3 bats (D:1)
  A giant gecko zombie (Ossuary)
  A giant newt (D:2)
  A goblin skeleton (D:10)
  5 goblin zombies (D:10)
  2 hobgoblin skeletons (D:10)
  A hobgoblin zombie (D:10)
  A jackal zombie (Ossuary)
  16 orc zombies (D:10)
  5 rats
304 creatures vanquished.

Vanquished Creatures (collateral kills)
  An orc warrior (Bailey)
1 creature vanquished.

Vanquished Creatures (others)
  A plant (Ossuary)
1 creature vanquished.

Grand Total: 306 creatures vanquished

Action                   |  1- 3 |  4- 6 |  7- 9 | 10-12 || total
-------------------------+-------+-------+-------+-------++-------
Melee: Hand axe          |    26 |    87 |    57 |       ||   170
       War axe           |       |       |   205 |   198 ||   403
Invok: Berserk           |     3 |     2 |     5 |     5 ||    15
       Trog's Hand       |       |       |     8 |     9 ||    17
       Brothers in Arms  |       |       |       |     2 ||     2
       Burn Spellbooks   |       |       |       |     1 ||     1
Evoke: Wand              |       |       |     4 |     3 ||     7
  Use: Scroll            |       |     4 |     8 |     5 ||    17
       Potion            |       |       |     1 |       ||     1
  Eat: Chunk             |       |     4 |    12 |     8 ||    24
       Pizza             |       |       |       |     1 ||     1

Vault maps used:
D:1:      sevenhm_arrival_forest_fort_small_3, minmay_shallow_snake_nest
D:2:      uniq_sigmund, uniq_terence
D:3:      uniq_iyjb
D:4:      nicolae_overflow_crystal_walls, first_bread,
          cheibrodos_ashenzari_chains
D:5:      lemuel_upstairs_altar, temple_doors_e, serial_shops, shop
D:6:      serial_shops, nicolae_shop_temple_entry_statues_fountains,
          hangedman_decor_growths, minmay_stone_trees_small, uniq_menkaure
D:7:      lightli_ossuary_entry_decrepit_ruins, uniq_duvessa
D:9:      serial_shops, nicolae_shop_competitors_out_of_business,
          uniq_prince_ribbit1
D:10:     zombieorc2_lemuel, grunt_pizzeria, nemelex_diamond_rough_becter,
          uniq_josephine, uniq_nergalle, uniq_fannar, uniq_grum
Temple:   grunt_circular_temple_18
Orc:1:    cheibrodos_orc_bank, nicolae_orc_rockfall, trog_butcher_becter
Orc:2:    serial_shops, nicolae_shop_waterfront, nicolae_for_you_no_charge,
          uniq_gastronok, uniq_harold, uniq_snorg
Orc:3:    basic_altar, serial_shops, shop, enter_bailey_2,
          nicolae_orc_pool_cavern, minmay_orc_temple_a
Ossuary:  ossuary_zaba_flooded
Bailey:   bailey_axe_minmay_hex_keep, bailey
